 Dungeon Crawl Stone Soup version 0.29-a0-284-gf9362112df (webtiles) character file.

Game seed: 6456225805242423236

4172 sammy202020 the Fighter (level 10, -8/124 HPs)
             Began as a Demonspawn Berserker on Mar 21, 2022.
             Was an Elder of Trog.
             Mangled by a yak (10 damage)
             ... on level 8 of the Dungeon.
             The game lasted 00:14:58 (8594 turns).

sammy202020 the Fighter (Demonspawn Berserker)      Turns: 8594, Time: 00:14:58

Health: -8/124     AC:  9    Str: 20    XL:     10   Next: 7%
Magic:  10/10      EV: 12    Int: 10    God:    Trog [****..]
Gold:   319        SH:  5    Dex: 17    Spells: 9/9 levels left

rFire   . . .      SeeInvis .   B - +6 mace "Guanyd" {flame, Drain rPois rC+++}
rCold   + + +      Faith    .   (no shield)
rNeg    + + .      Spirit   .   C - +1 scale mail {rN+}
rPois   +          Reflect  +   (no helmet)
rElec   .          Harm     .   d - scarf {repulsion}
rCorr   +          Rampage  .   (no gloves)
Will    .....                   (no boots)
Stlth   ..........              D - amulet of reflection
HPRegen 0.30/turn               G - ring of resist corrosion
MPRegen 0.24/turn               w - ring of positive energy

@: berserking (expiring), repel missiles, very quick
A: claws 2, thin skeletal structure 2, foul stench 2, magic regeneration
a: Renounce Religion, Berserk, Trog's Hand, Brothers in Arms


You were on level 8 of the Dungeon.
You worshipped Trog.
Trog was greatly pleased with you.
You visited 1 branch of the dungeon, and saw 8 of its levels.

You collected 423 gold pieces.
You spent 104 gold pieces at shops.

Inventory:

Hand Weapons
 a - a +1 hand axe
 n - a +0 mace
 v - a +0 flail of draining
 B - the +6 mace "Guanyd" (weapon) {flame, Drain rPois rC+++}
   (You found it on level 3 of the Dungeon)

   It burns those it strikes, dealing additional fire damage.
   rC:        It renders you almost immune to cold.
   rPois:     It protects you from poison.
   Drain:     It drains your maximum health when unequipped.
Missiles
 p - 6 poisoned darts (quivered)
 y - 2 boomerangs
 I - a throwing net
Armour
 d - a scarf of repulsion (worn)
 l - a +0 plate armour
 C - a +1 scale mail of positive energy (worn)
Jewellery
 c - a ring of see invisible
 f - a +6 ring of strength
 g - a ring of ice
 w - a ring of positive energy (right claw)
 D - an amulet of reflection (around neck)
 G - a ring of resist corrosion (left claw)
Wands
 E - a wand of iceblast (4)
Scrolls
 b - 4 scrolls of teleportation
 h - a scroll of acquirement {unknown}
 i - 3 scrolls of enchant weapon
 m - a scroll of blinking {unknown}
 o - a scroll of vulnerability
 s - a scroll of immolation
 F - 4 scrolls of identify
 H - a scroll of noise {unknown}
Potions
 e - 4 potions of lignification
 j - a potion of heal wounds
 k - 4 potions of curing
 q - a potion of mutation {unknown}
 r - 2 potions of brilliance
 t - a potion of degeneration {unknown}
 u - 2 potions of haste {unknown}
 x - 2 potions of flight {unknown}
 z - a potion of ambrosia {unknown}
 A - a potion of berserk rage {unknown}
 J - a potion of cancellation {unknown}


   Skills:
 * Level 9.0 Fighting
 - Level 4.2(5.2) Axes
 + Level 4.6(5.4) Maces & Flails
 * Level 7.8 Armour
 + Level 5.5 Dodging


You had 9 spell levels left.
You didn't know any spells.
Your spell library was empty.

Dungeon Overview and Level Annotations

Branches:
Dungeon (8/15)             Temple (0/1) D:6
   Lair: D:8-11

Altars:
Cheibriados
Dithmenos
Trog

Shops:
D:1 [   D:4 [


Innate Abilities, Weirdness & Mutations

You have very sharp fingernails.
You have a moderately thin skeletal structure. (Dex +4, Stealth++)
You sometimes emit foul miasma when damaged in melee.
You regenerate magic rapidly.


Message History

You feel yourself moving faster!
You feel mighty! The yak barely misses you. The yak gores you!
The yak is engulfed in dark miasma.
The yak looks even sicker.
The yak seems to slow down.
The yak gores you!
* * * LOW HITPOINT WARNING * * *
You thump the yak! You burn the yak.
The yak is almost dead.
The yak gores you!
* * * LOW HITPOINT WARNING * * *
You block the yak's attack.
You sock the yak! You burn the yak.
You kill the yak!
Trog accepts your kill.
The yak is engulfed in dark miasma.
The yak looks even sicker.
You kill the yak!
Trog accepts your kill.
You have reached level 10!
You barely miss the yak.
The yak is lightly wounded.
The yak gores you.
* * * LOW HITPOINT WARNING * * *
You sock the yak! You burn the yak.
The yak is moderately wounded.
The yak gores you but does no damage. The yak barely misses you.
You sock the yak! You burn the yak!
The yak is almost dead.
The yak gores you.
* * * LOW HITPOINT WARNING * * *
You emit a cloud of foul miasma!
The yak gores you.
* * * LOW HITPOINT WARNING * * *
You emit a cloud of foul miasma!
You thump the yak! You burn the yak.
You kill the yak!
Trog accepts your kill.
Your Fighting skill increases to level 9!
You thump the yak! You burn the yak.
The yak is heavily wounded.
The yak is engulfed in dark miasma.
The yak is poisoned.
Unknown command.
The yak gores you!
You die...

... .... ...
..#######
##...##<##+#.........
#.....#....+.........
#.....#....#.........
#....Y'....#...)....
####@###+###......
#Y##..#......#
#.....#......#
#.....#......#
#.....#.$....#
#.....#.Y....#
#.....'......#
#.....#......#
####+##......#


You could see 2 yaks.

Vanquished Creatures
  Grinder (D:5)
  Sigmund (D:2)
  10 yaks (D:8)
  A steam dragon (D:7)
  2 water moccasins
  An orc warrior (D:6)
  2 sky beasts (D:7)
  An ogre (D:5)
  A phantom (D:5)
  3 bullfrogs
  A gnoll sergeant (D:7)
  A scorpion (D:5)
  10 wights
  A gnoll shaman (D:7)
  3 hounds
  3 orc priests
  3 iguanas
  3 orc wizards (D:5)
  16 gnolls
  10 adders
  A shadow imp (D:6)
  2 white imps (D:7)
  2 ufetubi
  2 worms (D:2)
  3 dart slugs
  25 orcs
  7 ball pythons
  12 endoplasms
  3 giant cockroaches
  8 goblins
  3 hobgoblins
  3 jackals
  3 quokkas
  4 frilled lizards
  6 kobolds
  9 rats
167 creatures vanquished.

Notes
Turn   | Place    | Note
-------+----------+-------------------------------------------
     0 | D:1      | sammy202020 the Demonspawn Berserker began the quest for
                  | the Orb.
     0 | D:1      | Reached XP level 1. HP: 18/18 MP: 1/1
   275 | D:1      | Gained mutation: You have a somewhat thin skeletal
                  | structure. (Dex +2, Stealth+) [demonic ancestry]
   275 | D:1      | Reached XP level 2. HP: 22/24 MP: 2/2
   299 | D:1      | Found Cesusih's Antique Armour Emporium.
  1287 | D:2      | Found a bloodstained altar of Trog.
  1320 | D:2      | Found a faded altar of an unknown god.
  1331 | D:2      | Gained mutation: You may rarely emit foul miasma when
                  | damaged in melee. [demonic ancestry]
  1331 | D:2      | Reached XP level 3. HP: 29/29 MP: 3/3
  1582 | D:2      | Noticed Sigmund
  1604 | D:2      | Killed Sigmund
  1604 | D:2      | Reached ** piety under Trog
  1605 | D:2      | Reached skill level 4 in Fighting
  1605 | D:2      | Gained mutation: You have sharp fingernails. [demonic
                  | ancestry]
  1605 | D:2      | Reached XP level 4. HP: 11/37 MP: 4/4
  1605 | D:2      | Reached XP level 5. HP: 13/42 MP: 5/5
  2288 | D:3      | Gained mutation: You have a moderately thin skeletal
                  | structure. (Dex +4, Stealth++) [demonic ancestry]
  2288 | D:3      | Reached XP level 6. HP: 45/49 MP: 6/6
  2365 | D:3      | You fall into a shaft and drop 1 floor!
  2768 | D:3      | Found a shadowy altar of Dithmenos.
  3594 | D:3      | Identified the +6 mace "Guanyd" {flame, Drain rPois rC+++}
  4380 | D:4      | Found Uveclit's Armour Shoppe.
  4387 | D:4      | Bought a +0 scale mail of positive energy for 104 gold
                  | pieces
  4634 | D:4      | Reached *** piety under Trog
  4908 | D:4      | You fall into a shaft and drop 1 floor!
  4908 | D:5      | Entered Level 5 of the Dungeon
  4908 | D:5      | Noticed a water moccasin
  4915 | D:5      | Killed a water moccasin
  4916 | D:5      | Reached skill level 5 in Fighting
  4916 | D:5      | Reached skill level 1 in Maces & Flails
  4916 | D:5      | Gained mutation: You sometimes emit foul miasma when
                  | damaged in melee. [demonic ancestry]
  4916 | D:5      | Reached XP level 7. HP: 40/56 MP: 7/7
  4930 | D:5      | Identified the +9 mace "Reecay" {protect, Fragile rCorr
                  | Dex+5}
  5173 | D:5      | Identified the +9 long sword "Goblinslayer" {vorpal, rF-
                  | Will++}
  5796 | D:5      | Noticed Grinder
  5797 | D:5      | Paralysed by Grinder for 7 turns
  5807 | D:5      | Paralysed by Grinder for 2 turns
  5809 | D:5      | Killed Grinder
  5810 | D:5      | Reached skill level 6 in Fighting
  5810 | D:5      | Reached skill level 5 in Armour
  5810 | D:5      | Gained mutation: You regenerate magic rapidly. [demonic
                  | ancestry]
  5810 | D:5      | Reached XP level 8. HP: 51/64 MP: 8/8
  6041 | D:5      | Identified the +6 spear "Isomm" {vorpal, rC+ Int+3}
  6171 | D:6      | Found a bloodstained altar of Trog.
  6225 | D:6      | Found a staircase to the Ecumenical Temple.
  6279 | D:6      | Found a snail-covered altar of Cheibriados.
  6671 | D:6      | Reached skill level 7 in Fighting
  7395 | D:7      | Gained mutation: You have very sharp fingernails. [demonic
                  | ancestry]
  7395 | D:7      | Reached XP level 9. HP: 58/72 MP: 9/9
  7880 | D:7      | HP: 4/111 [gnoll/+0 spear (6)]
  8195 | D:7      | Reached **** piety under Trog
  8200 | D:7      | Reached skill level 8 in Fighting
  8390 | D:8      | Reached skill level 5 in Dodging
  8589 | D:8      | Reached XP level 10. HP: 15/82 MP: 10/10
  8591 | D:8      | HP: 5/123 [yak (6)]
  8591 | D:8      | HP: 2/123 [yak (3)]
  8593 | D:8      | Reached skill level 9 in Fighting
  8594 | D:8      | Mangled by a yak

Illustrated notes

Levels and vault maps discovered:
D:1:      mrwooster_arrival_statue_2, layout_basic, serial_shops, shop,
          minmay_split_cup_large
D:2:      layout_basic, ebering_ecumenical_altar_ruins, basic_altar,
          minmay_quadrilaterals, uniq_sigmund
D:3:      minmay_skewed_foursquare, layout_basic,
          nicolae_dithmenos_shadow_blocks
D:4:      layout_loops_cross, serial_shops, shop
D:5:      layout_basic, minmay_misc_feat_doors, uniq_grinder
D:6:      minmay_klotski, layout_loops_ring, lemuel_round_altar,
          mainiacjoe_overflow_alcove_2, temple_green, dk_noncrumbling_3
D:7:      layout_loops_cross, st_stairs_7
D:8:      layout_gridville

Skill      XL: |  1  2  3  4  5  6  7  8  9 10 |
---------------+-------------------------------+-----
Armour         | 2 3 4 5 6 7 |  7.8
Axes           | 3 4 |  4.2
Dodging        | 2 3 4 5 |  5.5
Fighting       | 4 5 6 7 8 9 |  9.0
Maces & Flails | 1 2 3 4 |  4.6

Action                   |  1- 3 |  4- 6 |  7- 9 | 10-12 || total
-------------------------+-------+-------+-------+-------++-------
Melee: Hand axe          |   104 |   115 |       |       ||   219
       Mace              |       |    40 |   243 |     5 ||   288
       Punch             |       |     1 |     3 |       ||     4
Invok: Berserk           |     2 |     1 |     3 |       ||     6
       Trog's Hand       |       |     1 |     5 |       ||     6
  Use: Scroll            |       |    12 |       |       ||    12
 Stab: Sleeping          |     1 |       |     4 |       ||     5
       Distracted        |     1 |       |       |       ||     1
Armor: Animal skin       |     9 |       |       |       ||     9
       Plate armour      |    30 |    76 |       |       ||   106
       Scale mail        |       |    11 |    81 |     1 ||    93
Dodge: Dodged            |    42 |    81 |   178 |     1 ||   302
       Repelled          |       |     1 |       |       ||     1
Block: Other             |       |       |    33 |       ||    33
       Reflection        |       |       |     2 |       ||     2

Table legend: (Time is in decaauts)
 A = Elapsed time spent in this place.
 B = Non-inter-level travel time spent in this place.
 C = Inter-level travel time spent in this place.
 D = Time resting spent in this place.
 E = Time spent auto-exploring this place.
 F = Levels seen in this place.
 G = Mean time per level.
                   A        B        C        D        E       F      G
               +--------+--------+--------+--------+--------+-----+--------+
         Total |   8707 |   8524 |    183 |      0 |   6838 |   8 | 1088.4 |
       Dungeon |   8707 |   8524 |    183 |      0 |   6838 |   8 | 1088.4 |
               +--------+--------+--------+--------+--------+-----+--------+

Top non-repeatable levels by time:
     D:3: 1794 daAuts
     D:7: 1433 daAuts
     D:1: 1297 daAuts
     D:5: 1194 daAuts
     D:2: 966 daAuts
     D:4: 909 daAuts
     D:6: 884 daAuts
     D:8: 226 daAuts
